 Dungeon Crawl Stone Soup version 0.26-a0-6-g448add79b7 (webtiles) character file.

Game seed: 5541747363746916540, levelgen mode: deterministic

426166 Foltvin the Scorcher (level 23, -28/150 HPs)
             Began as a Gargoyle Earth Elementalist on May 24, 2020.
             Was the Champion of Vehumet.
             Killed from afar by Onnun's ghost (58 damage)
             ... with an iron shot
             ... on level 2 of the Crypt.
             The game lasted 02:45:36 (64519 turns).

Foltvin the Scorcher (Gargoyle Earth Elementalist) Turns: 64519, Time: 02:45:37

Health: -28/150    AC: 29    Str: 24    XL:     23   Next: 81%
Magic:  5/41       EV: 16    Int: 43    God:    Vehumet [******]
Gold:   7270       SH:  0    Dex:  7    Spells: 13/50 levels left

rFire    + + +     SeeInvis +   R - +10 morningstar of Peace {speed, MR+ Int+4 Stlth+}
rCold    + + +     Gourm    .   (no shield)
rNeg     + . .     Faith    .   M - +0 leather armour of Kautai {rF+++ MR++ SInv}
rPois    ∞         Spirit   .   O - +1 hat "Plog" {rC+}
rElec    +         Reflect  .   S - +1 cloak {Stlth+}
rCorr    .         Harm     .   o - +0 pair of gloves "Ulietoef" {Str+3 Int+7 Dex-3}
MR       +++++                  u - +2 pair of boots
Stlth    ++........             J - amulet of magic regeneration
HPRegen  0.35/turn              V - +6 ring of intelligence
MPRegen  0.52/turn              k - ring "Rienk" {*Contam +Blink rC+ Str+6 Int+3}

@: flying, studying Fighting
A: big wings, cold resistance 1, magic resistance 1, negative energy resistance
1, electricity resistance, unbreathing, petrification resistance, rot immunity,
AC +17
}: 2/15 runes: decaying, gossamer
a: Stop Flying, Renounce Religion, Evoke Blink


You were on level 2 of the Crypt.
You worshipped Vehumet.
Vehumet was exalted by your worship.
You were not hungry.

You visited 9 branches of the dungeon, and saw 42 of its levels.
You also visited: Sewer, Gauntlet and Ice Cave.

You collected 8652 gold pieces.
You spent 1382 gold pieces at shops.

Inventory:

Hand Weapons
 c - a +3 eveningstar of draining
 n - the +9 quarterstaff "Ugoarimimo" {pain, +Inv rElec rPois Dex+5}
   (You found it on level 6 of the Lair of Beasts)

   In the hands of one skilled in necromantic magic, it inflicts extra damage on
   living creatures.
   It affects your dexterity (+5).
   It insulates you from electricity.
   It protects you from poison.
   It lets you turn invisible.
 R - the +10 morningstar of Peace (weapon) {speed, MR+ Int+4 Stlth+}
   (You took it off a deep elf demonologist on level 3 of the Elven Halls)

   Attacks with this weapon are significantly faster.
   It affects your intelligence (+4).
   It affects your resistance to hostile enchantments.
   It makes you more stealthy.
Missiles
 b - 5 throwing nets
 y - 823 stones (quivered)
Armour
 f - the +1 pair of gloves of Uzxag {rC- MP+9 Int+3}
   (You found it on level 2 of the Lair of Beasts)

   It affects your intelligence (+3).
   It makes you vulnerable to cold.
   It affects your magic capacity (+9).
 o - the +0 pair of gloves "Ulietoef" (worn) {Str+3 Int+7 Dex-3}
   (You found it on level 2 of the Vaults)

   It affects your strength (+3).
   It affects your intelligence (+7).
   It affects your dexterity (-3).
 u - a +2 pair of boots (worn)
 B - +2 ice dragon scales
 M - the +0 leather armour of Kautai (worn) {rF+++ MR++ SInv}
   (You found it on level 10 of the Dungeon)

   It renders you almost immune to fire.
   It affects your resistance to hostile enchantments.
   It lets you see invisible.
 O - the +1 hat "Plog" (worn) {rC+}
   (You found it in an ice cave)

   It protects you from cold.
 S - a +1 cloak of stealth (worn)
Jewellery
 k - the ring "Rienk" (right hand) {*Contam +Blink rC+ Str+6 Int+3}
   (You acquired it on level 1 of the Swamp)

   [ring of protection from cold]

   It affects your strength (+6).
   It affects your intelligence (+3).
   It protects you from cold.
   It lets you blink.
   It causes magical contamination when unequipped.
 J - an amulet of magic regeneration (around neck)
 V - a +6 ring of intelligence (left hand)
Wands
 a - a wand of digging (29)
 D - a wand of paralysis (27)
 F - a wand of disintegration (40)
 I - a wand of polymorph (47)
 L - a wand of iceblast (28)
 T - a wand of clouds (12)
Scrolls
 h - 8 scrolls of blinking
 i - 3 scrolls of identify
 m - 3 scrolls of magic mapping
 v - 7 scrolls of amnesia
 A - 20 scrolls of teleportation
 G - 16 scrolls of remove curse
 Q - 8 scrolls of fog
 W - 11 scrolls of fear
Potions
 e - 3 potions of resistance
 l - 3 potions of cancellation
 p - 6 potions of brilliance
 q - 8 potions of mutation
 r - 5 potions of might
 s - 7 potions of heal wounds
 t - 19 potions of curing
 w - 11 potions of stabbing
 z - 4 potions of haste
 N - 3 potions of ambrosia
 U - 7 potions of berserk rage
Books
 H - a manual of Fighting
Miscellaneous
 g - a phantom mirror
 x - a lightning rod (4/4)
 K - 3 boxes of beasts
Comestibles
 d - 24 rations


   Skills:
 + Level 17.2 Fighting
 + Level 14.5 Maces & Flails
 - Level 8.0 Armour
 + Level 12.6 Dodging
 - Level 2.1 Stealth
 + Level 14.3 Spellcasting
 + Level 16.3 Conjurations
 - Level 0.7 Transmutations
 * Level 18.4 Fire Magic
 + Level 18.0 Earth Magic
 - Level 6.0 Evocations


You had 13 spell levels left.
You knew the following spells:

 Your Spells              Type           Power        Failure   Level  Hunger
a - Sandblast             Erth           ######       0%          1    None
b - Stone Arrow           Conj/Erth      ######       0%          3    None
c - Lee's Rapid Deconstr  Erth           ########..   0%          5    None
d - Iron Shot             Conj/Erth      ########..   1%          6    None
e - Irradiate             Conj/Tmut      #######...   1%          5    None
f - Shatter               Erth           ########..   17%         9    ######.
h - Ignition              Fire           ########..   1%          8    #####..

Your spell library contained the following spells:

 Spells                   Type           Power        Failure   Level  Hunger
 Tornado                  Air            ####......   100%        9    ######.
 Foxfire                  Conj/Fire      ####         0%          1    None
 Magic Dart               Conj           ####         0%          1    None
 Searing Ray              Conj           ######       0%          2    None
 Conjure Flame            Conj/Fire      ########     0%          3    None
 Sticky Flame             Conj/Fire      ########     0%          4    None
 Fireball                 Conj/Fire      ########..   0%          5    None
 Animate Skeleton         Necr           N/A          1%          1    None
 Apportation              Tloc           ####..       1%          1    None
 Corona                   Hex            ####...      1%          1    None
 Freeze                   Ice            ####         1%          1    None
 Infusion                 Chrm           ####         1%          1    None
 Shock                    Conj/Air       ####         1%          1    None
 Sting                    Tmut/Pois      ####         1%          1    None
 Summon Butterflies       Summ           ####....     1%          1    None
 Summon Small Mammal      Summ           ####         1%          1    None
 Blink                    Tloc           N/A          1%          2    None
 Call Imp                 Summ           ####....     1%          2    None
 Ensorcelled Hibernation  Hex/Ice        ####..       1%          2    None
 Passwall                 Tmut/Erth      #######.     1%          2    None
 Poisonous Vapours        Pois/Air       ####..       1%          2    None
 Shroud of Golubria       Chrm/Tloc      ####..       1%          2    None
 Slow                     Hex            ####....     1%          2    None
 Song of Slaying          Chrm           ####....     1%          2    None
 Dazzling Flash           Conj/Hex       ######       1%          3    None
 Frozen Ramparts          Ice            ####..       1%          3    None
 Ignite Poison            Fire/Tmut/Pois ######..     1%          3    None
 Inner Flame              Hex/Fire       #######.     1%          3    None
 Mephitic Cloud           Conj/Pois/Air  ######..     1%          3    None
 Petrify                  Tmut/Erth      #######.     1%          4    None
 Conjure Ball Lightning   Conj/Air       #######...   1%          6    None
 Lehudib's Crystal Spear  Conj/Erth      ########..   1%          8    #####..
 Olgreb's Toxic Radiance  Pois           ####....     2%          4    None
 Confusing Touch          Hex            ####....     3%          3    None
 Gell's Gravitas          Tloc           ####......   3%          3    None
 Lesser Beckoning         Tloc           ####......   3%          3    None
 Ozocubu's Armour         Chrm/Ice       ####....     3%          3    None
 Spectral Weapon          Hex/Chrm       ####....     3%          3    None
 Teleport Other           Tloc           ####....     3%          3    None
 Tukima's Dance           Hex            ####....     3%          3    None
 Freezing Cloud           Conj/Ice/Air   ######....   4%          6    None
 Yara's Violent Unravell  Hex/Tmut       ####......   7%          5    None
 Ice Form                 Ice/Tmut       ####....     9%          4    None
 Cause Fear               Hex            ####......   10%         4    None
 Passage of Golubria      Tloc           N/A          10%         4    None
 Summon Ice Beast         Ice/Summ       ####....     10%         4    None
 Ring of Flames           Chrm/Fire      #######...   21%         7    ###....
 Fire Storm               Conj/Fire      ########..   21%         9    ######.
 Metabolic Englaciation   Hex/Ice        ####......   28%         5    None
 Silence                  Hex/Air        ####......   28%         5    None
 Summon Demon             Summ           ####......   28%         5    None
 Ozocubu's Refrigeration  Ice            ####......   36%         6    None
 Chain Lightning          Conj/Air       #######...   50%         8    #####..
 Hydra Form               Tmut           #####.....   75%         6    None
 Shadow Creatures         Summ           N/A          83%         6    None
 Simulacrum               Ice/Necr       ####......   83%         6    None
 Dragon Form              Tmut           #####.....   100%        7    ###....
 Malign Gateway           Summ/Tloc      ####......   100%        7    ###....
 Monstrous Menagerie      Summ           ####......   100%        7    ###....
 Summon Greater Demon     Summ           ####......   100%        7    ###....
 Discord                  Hex            ####......   100%        8    #####..
 Disjunction              Tloc           ####......   100%        8    #####..
 Summon Horrible Things   Summ           ####......   100%        8    #####..
 Absolute Zero            Ice            ####......   100%        9    ######.
 Dragon's Call            Summ           ####......   100%        9    ######.
 Sublimation of Blood     Necr           Unusable     N/A         2    N/A
 Statue Form              Tmut/Erth      Unusable     N/A         6    N/A

Dungeon Overview and Level Annotations

Branches:
Dungeon (15/15)            Temple (1/1) D:7            Lair (6/6) D:11
  Swamp (4/4) Lair:4       Spider (4/4) Lair:4        Slime (0/5) Lair:6
    Orc (2/2) D:12            Elf (3/3) Orc:2        Vaults (5/5) D:13
  Crypt (2/3) Vaults:3     Depths (0/5) D:15          Sewer (visited)
  IceCv (visited)         Gauntlet (visited)

Altars:
Ashenzari
Cheibriados
Dithmenos
Fedhas
Gozag
Kikubaaqudgha
Makhleb
Nemelex Xobeh
Okawaru
Qazlal
Ru
Uskayaw
Vehumet
Wu Jian
Yredelemnul
Zin
The Shining One
Beogh
Jiyva

Shops:
Orc:1 (   Orc:2 [(?%   Elf:1 :[   Vaults:2 [   Vaults:3 ([(   Vaults:4 *

Portals:
Trove: Vaults:2 (give +5 ice dragon scales)

Annotations:
D:8 2 transporters, Sensen's ghost, novice DsGl
Lair:6 exclusion: oklob plant
Elf:2 3 runed translucent doors
Crypt:2 Onnun's ghost, veteran GrFi


Innate Abilities, Weirdness & Mutations

You are resistant to torment.
Your stone body is resilient. (AC +17)
You are immune to poison.
Your large and strong wings let you fly indefinitely.
You resist negative energy. (rN+)
You are resistant to electric shocks. (rElec)
You can survive without breathing.
You are immune to petrification.
You are immune to rotting.
Your flesh is cold resistant. (rC+)
You are resistant to hostile enchantments. (MR+)


Message History

Casting: Lee's Rapid Deconstruction (safe; 0% risk of failure)
Confirm with . or Enter, or press ? or * to list all spells.
You don't have enough magic to cast that spell.
Unknown command.
Unknown command.
Unknown command.
Evoke which item? (* to show all) (? for menu, Esc to quit)
Aiming: Corrosive Bolt
Press: ? - help, Shift-Dir - straight line The bolt of acid hits Onnun's ghost!
Onnun's ghost is almost destroyed.
The now-empty wand crumbles to dust.
Onnun's ghost hits you!!
* * * LOW HITPOINT WARNING * * *
x2 Evoke which item? (* to show all) (? for menu, Esc to quit)
You open the lid... ...and a larval firebat beast flies out!
Onnun's ghost hits you but does no damage.
Onnun's ghost gestures at you while chanting.
The iron shot hits you!!!
You die...

######## .......#
.....#### ......#
####W##.#### #.@........#
...# #.H###'''### ...#
#..#.......# ...#
#..##.....## ...#
#..#.......#
...####+++#####''##$!!!.##
...##............#.$#.#[.#
....'............#########
....'................#


You could see Onnun's ghost (swift) and a friendly larval firebat beast
(summoned).

Vanquished Creatures
  Mara (Spider:3)
  Margery (Vaults:2)
  Saint Roka (Elf:3)
  Arachne (Spider:3)
  The ghost of Ynisk the Swashbuckler, an adept HaHu of Okawaru (Vaults:2)
  Jorgrun (D:14)
  An Ice Fiend (IceCv)
  A deep elf master archer (Elf:3)
  Asterion (Spider:4)
  2 sphinxes
  2 deep elf blademasters (Elf:3)
  Agnes (D:15)
  Kirke (D:15)
  Donald (Spider:1)
  6 thorn hunters
  3 ancient champions
  Roxanne (D:15)
  The ghost of Syrreyqi the Peltast, a journeyman HOFi of Beogh (Swamp:2)
  A frost giant (Vaults:4)
  3 fire giants (Vaults:4)
  5 deep elf sorcerers
  6 emperor scorpions
  5 ghost moths
  Aizul (Spider:3)
  8 ghouls
  A curse skull (Crypt:2)
  12 ironheart preservers
  8 vault wardens
  8 deep elf elementalists
  2 very ugly things
  6 entropy weavers
  5 stone giants
  6 deep elf demonologists
  Azrael (D:13)
  A dire elephant (D:15)
  A vampire knight (Crypt:1)
  6 deep elf annihilators
  A minotaur (Gauntlet)
  3 spark wasps
  Snorg (Orc:2)
  5 deep elf death magi
  An eidolon (Crypt:1)
  A crystal guardian (Vaults:4)
  3 deep elf high priests (Elf:3)
  3 fire dragons
  7 jiangshi
  2 great orbs of eyes
  8 yaktaur captains
  33 vault guards
  Fannar (D:10)
  3 ice dragons
  A hell beast (Gauntlet)
  3 rakshasas
  24 hydras
  7 shambling mangroves
  2 ghost crabs
  A death knight (Crypt:1)
  14 alligators
  24 dancing weapons
  32 two-headed ogres
  4 deep troll shamans
  A spectral stone giant (Crypt:2)
  5 centaur warriors
  A merfolk avatar (Lair:6)
  9 ogre magi
  3 orc high priests (Orc:2)
  A spectral fire giant (Crypt:2)
  A deep troll earth mage (Vaults:4)
  2 small abominations (Elf:3)
  A titan zombie (Crypt:1)
  2 vampire magi (Crypt:1)
  Urug (D:13)
  5 death yaks (Lair:2)
  Sonja (Orc:2)
  3 hell knights (Vaults:2)
  A spriggan berserker (Swamp:4)
  26 deep elf knights
  An unseen horror (Vaults:1)
  A shadow wraith (Vaults:3)
  2 spriggan druids (Swamp:3)
  A spectral anaconda (Crypt:2)
  A large abomination (Elf:3)
  13 swamp dragons
  9 deep trolls
  12 skeletal warriors
  4 flayed ghosts
  26 deep elf archers
  3 spectral hydras (Swamp:2)
  An obsidian statue (Gauntlet)
  7 ironbrand convokers
  17 orc knights
  An orange crystal statue (Vaults:4)
  A spectral iron dragon (Crypt:2)
  A glowing orange brain (Vaults:2)
  30 ugly things
  A tengu zombie (Vaults:2)
  5 wizards
  9 necromancers
  An orb spider (shapeshifter) (Vaults:3)
  34 wolf spiders
  24 orb spiders
  A harpy (shapeshifter) (Vaults:2)
  A wolf spider zombie (Vaults:1)
  4 phantasmal warriors
  A stone giant zombie (Crypt:1)
  3 harpies (Vaults:2)
  A spectral wolf spider (Crypt:2)
  2 oklob plants (Swamp:3)
  A spectral alligator (Swamp:2)
  5 orc sorcerers
  3 manticores
  A human zombie (Vaults:2)
  83 deep elf magi
  A salamander (shapeshifter) (Vaults:3)
  11 elephants
  8 vault sentinels
  7 cyclopes
  3 black mambas
  5 centaur zombies
  A black mamba (shapeshifter) (Vaults:4)
  2 human skeletons
  4 torpor snails
  A spiny frog (shapeshifter) (Vaults:3)
  A spectral spriggan (Swamp:2)
  A storm dragon simulacrum (Vaults:2)
  An ice statue (IceCv)
  16 spiny frogs
  An alligator snapping turtle skeleton (Crypt:1)
  A redback zombie (D:14)
  26 yaktaurs
  An anaconda simulacrum (IceCv)
  An efreet (D:15)
  11 komodo dragons
  11 freezing wraiths
  5 rime drakes
  17 demonic crawlers
  2 tengu conjurers (D:14)
  A kobold demonologist (D:15)
  A white draconian skeleton (Crypt:2)
  2 jumping spiders (shapeshifter) (Vaults:2)
  4 ice devils (IceCv)
  2 golden dragon simulacra
  A meliai (shapeshifter) (Vaults:3)
  5 trolls
  6 meliai
  3 polar bears
  A wind drake (Lair:6)
  42 jumping spiders
  A tengu simulacrum (Vaults:2)
  A harpy skeleton (D:13)
  10 tyrant leeches
  4 wolf spider simulacra
  9 blink frogs
  15 slime creatures
  9 bog bodies
  7 hippogriffs
  20 hornets
  An ettin zombie (Vaults:1)
  A meliai zombie (D:14)
  A fire giant simulacrum (Vaults:1)
  6 dream sheep (Lair:4)
  A raiju (shapeshifter) (Vaults:2)
  An ice dragon zombie (Crypt:1)
  7 centaur simulacra
  An ettin skeleton (Vaults:1)
  74 redbacks
  5 water elementals
  Eustachio (D:5)
  9 wraiths
  30 tarantellas
  4 air elementals (Elf:1)
  3 wyverns
  3 dire elephant simulacra (IceCv)
  5 basilisks
  6 fire elementals
  4 hogs (D:15)
  26 yaks
  2 humans (D:8)
  7 shadows
  A steam dragon (D:11)
  A hungry ghost (D:9)
  An emperor scorpion simulacrum (Crypt:2)
  17 vampire mosquitoes
  19 swamp worms
  2 ogre zombies
  3 harpy simulacra (IceCv)
  7 wargs
  10 insubstantial wisps
  An iron troll simulacrum (IceCv)
  A floating eye (shapeshifter) (Vaults:3)
  Duvessa (D:6)
  A water nymph zombie (Crypt:1)
  2 hell hounds
  10 water moccasins
  10 porcupines
  11 swamp drakes
  An alligator simulacrum (IceCv)
  2 eyes of draining
  8 hydra simulacra
  35 orc warriors
  5 ice beasts
  2 phantoms
  2 black bears
  A black bear (shapeshifter) (Vaults:4)
  5 necrophages
  3 sky beasts
  An ettin simulacrum (Crypt:2)
  An ice dragon simulacrum (Crypt:1)
  9 wolves (Lair:6)
  9 boggarts
  30 ogres
  An elf skeleton (Vaults:1)
  12 centaurs
  A lindwurm skeleton (Crypt:2)
  A yaktaur zombie (Vaults:1)
  13 crocodiles
  A hippogriff zombie (Crypt:2)
  6 big kobolds
  15 bullfrogs
  An ogre simulacrum (Vaults:1)
  A hippogriff skeleton (Crypt:2)
  3 earth elementals
  Dowan (D:6)
  A scorpion (D:11)
  2 wyvern skeletons (D:13)
  An elephant simulacrum (IceCv)
  17 wights
  A swamp dragon simulacrum (Crypt:2)
  8 killer bees
  4 electric eels
  4 howler monkeys
  6 jellies
  3 human simulacra (Vaults:3)
  8 crimson imps
  An elf simulacrum (Crypt:2)
  10 hounds
  A quasit (D:9)
  A draconian simulacrum (IceCv)
  27 orc priests
  Crazy Yiuf (D:3)
  3 gnoll shamans
  31 orc wizards
  Jessica (D:3)
  A bullfrog skeleton (D:6)
  3 centaur skeletons
  Ijyb (D:3)
  5 iguanas
  11 worker ants
  A polar bear simulacrum (IceCv)
  3 troll simulacra (IceCv)
  3 spriggan simulacra (IceCv)
  A wolf simulacrum (IceCv)
  A felid skeleton (Crypt:2)
  A hound zombie (D:11)
  A howler monkey zombie (D:5)
  2 worker ant zombies (D:7)
  22 gnolls
  12 adders
  2 naga simulacra (IceCv)
  A river rat (Sewer)
  7 shadow imps
  5 white imps (IceCv)
  4 ufetubi (IceCv)
  3 oozes
  A worm zombie (Crypt:2)
  3 adder skeletons
  4 worms
  9 leopard geckos
  100 orcs
  9 giant cockroaches
  11 goblins
  8 hobgoblins
  23 jackals
  4 quokkas
  7 ball pythons
  9 bats
  4 frilled lizards
  4 goblin zombies
  5 hobgoblin zombies (D:6)
  A jackal skeleton (Crypt:1)
  A jackal zombie (Crypt:1)
  33 kobolds
  A kobold skeleton (D:6)
  A leopard gecko skeleton (D:4)
  3 orc skeletons (D:6)
  3 quokka skeletons
  31 rats
  A rat zombie (Crypt:1)
  A briar patch (Swamp:3)
  5 crawling corpses (Elf:3)
  3 fungi (Swamp:3)
  8 plants
1933 creatures vanquished.

Vanquished Creatures (collateral kills)
  An iron troll zombie (Crypt:2)
1 creature vanquished.

Vanquished Creatures (others)
  An unseen horror (D:15)
  A deep elf mage (Elf:3)
  A fire elemental (Elf:2)
  An orc priest (Orc:2)
  An orc wizard (Orc:2)
  A white imp (IceCv)
  5 ufetubi (IceCv)
  4 briar patches (Swamp:3)
  17 fungi
  17 plants
49 creatures vanquished.

Grand Total: 1983 creatures vanquished

Notes
Turn   | Place    | Note
-------+----------+-------------------------------------------
     0 | D:1      | Foltvin the Gargoyle Earth Elementalist began the quest for
                  | the Orb.
     0 | D:1      | Reached XP level 1. HP: 10/10 MP: 3/3
     6 | D:1      | Noticed a rime drake
     6 | D:1      | Noticed a black bear
     8 | D:1      | Noticed a salamander
     8 | D:1      | Noticed a hog
   199 | D:1      | Reached XP level 2. HP: 13/15 MP: 5/5
   580 | D:1      | Reached XP level 3. HP: 18/19 MP: 7/7
   585 | D:1      | Learned a level 3 spell: Stone Arrow
  1297 | D:2      | Reached skill level 1 in Conjurations
  1297 | D:2      | Reached XP level 4. HP: 23/24 MP: 8/8
  1354 | D:2      | Found a snail-covered altar of Cheibriados.
  1977 | D:2      | Found an ornate altar of the Wu Jian Council.
  2155 | D:3      | Gained mutation: You are resistant to hostile enchantments.
                  | (MR+) [potion of mutation]
  2155 | D:3      | Gained mutation: Your flesh is cold resistant. (rC+)
                  | [potion of mutation]
  2214 | D:3      | Reached skill level 5 in Earth Magic
  2430 | D:3      | Reached XP level 5. HP: 28/28 MP: 9/9
  2437 | D:3      | Learned a level 5 spell: Lee's Rapid Deconstruction
  2825 | D:3      | Noticed Jessica
  2826 | D:3      | Killed Jessica
  2837 | D:3      | Found an ancient bone altar of Kikubaaqudgha.
  2885 | D:3      | Noticed Ijyb
  2955 | D:3      | Killed Ijyb
  3179 | D:3      | Found a runed translucent door.
  3180 | D:3      | Noticed Crazy Yiuf
  3185 | D:3      | Killed Crazy Yiuf
  3185 | D:3      | Reached XP level 6. HP: 32/32 MP: 11/11
  3344 | D:3      | Found a faded altar of an unknown god.
  3582 | D:4      | Found a glowing drain.
  3604 | Sewer    | Entered a sewer
  4468 | Sewer    | Reached XP level 7. HP: 24/36 MP: 5/13
  5658 | D:4      | Reached skill level 5 in Spellcasting
  5797 | D:4      | Identified the +2 falchion "Wutekh" {freeze, rC- rN++}
  5945 | D:4      | Reached XP level 8. HP: 41/41 MP: 15/15
  6010 | D:5      | Entered Level 5 of the Dungeon
  6018 | D:5      | Noticed Eustachio
  6023 | D:5      | Killed Eustachio
  6023 | D:5      | Reached skill level 5 in Conjurations
  6521 | D:5      | Reached skill level 1 in Fighting
  6521 | D:5      | Reached skill level 1 in Maces & Flails
  6521 | D:5      | Reached skill level 1 in Armour
  6913 | D:6      | Reached skill level 1 in Evocations
  7167 | D:6      | Found a glowing golden altar of the Shining One.
  7589 | D:6      | Reached XP level 9. HP: 47/48 MP: 17/17
  7983 | D:6      | Noticed Dowan
  7986 | D:6      | Noticed Duvessa
  8006 | D:6      | Killed Duvessa
  8008 | D:6      | Killed Dowan
  8950 | D:7      | Found an opulent altar of Gozag.
  9378 | D:7      | Found a staircase to the Ecumenical Temple.
  9390 | Temple   | Entered the Ecumenical Temple
  9423 | Temple   | Became a worshipper of Vehumet
 10057 | D:8      | Found a transporter.
 10059 | D:8      | Found a transporter.
 10062 | D:8      | Noticed a queen bee
 10093 | D:8      | Noticed Sensen's ghost (novice DsGl)
 10168 | D:8      | Found an iron altar of Okawaru.
 10220 | D:8      | Reached XP level 10. HP: 25/56 MP: 17/19
 10735 | D:8      | Found a hide-covered altar of Uskayaw.
 10737 | D:8      | Found a burning altar of Makhleb.
 11306 | D:9      | Reached * piety under Vehumet
 11306 | D:9      | Offered knowledge of Magic Dart by Vehumet.
 12093 | D:10     | Entered Level 10 of the Dungeon
 12220 | D:10     | Noticed Fannar
 12232 | D:10     | Killed Fannar
 12232 | D:10     | Reached skill level 5 in Armour
 12519 | D:10     | Reached skill level 5 in Fighting
 12522 | D:10     | Reached XP level 11. HP: 63/63 MP: 21/21
 13024 | D:10     | Got a shimmering leather armour
 13035 | D:10     | Identified the cursed +0 leather armour of Kautai {rF+++
                  | MR++ SInv} (You found it on level 10 of the Dungeon)
 13288 | D:11     | Offered knowledge of Shock by Vehumet.
 13294 | D:11     | Reached ** piety under Vehumet
 14021 | D:11     | Reached skill level 5 in Maces & Flails
 14307 | D:11     | Found a staircase to the Lair.
 14455 | D:12     | Noticed a white ugly thing
 14463 | D:12     | Killed a white ugly thing
 14532 | D:12     | Noticed a five-headed hydra
 14539 | D:12     | Killed a five-headed hydra
 14581 | D:12     | Noticed a purple ugly thing
 14590 | D:12     | Killed a purple ugly thing
 14704 | D:12     | Found a staircase to the Orcish Mines.
 14758 | D:12     | Reached skill level 10 in Earth Magic
 14758 | D:12     | Reached skill level 5 in Evocations
 14777 | D:12     | Noticed a green ugly thing
 14790 | D:12     | Killed a green ugly thing
 14790 | D:12     | Offered knowledge of Static Discharge by Vehumet.
 14846 | D:12     | Noticed an eight-headed hydra
 14851 | D:12     | Noticed a cyclops
 14853 | D:12     | Reached skill level 5 in Dodging
 14855 | D:12     | Killed a cyclops
 14865 | D:12     | Killed an eight-headed hydra
 14865 | D:12     | Reached XP level 12. HP: 54/71 MP: 9/23
 14877 | D:12     | Reached *** piety under Vehumet
 15244 | D:12     | Learned a level 5 spell: Fireball
 15582 | D:13     | Reached skill level 1 in Fire Magic
 15585 | D:13     | Noticed Azrael
 15588 | D:13     | Offered knowledge of Olgreb's Toxic Radiance by Vehumet.
 15595 | D:13     | Killed Azrael
 15706 | D:13     | You fall into a shaft and drop 1 floor!
 15754 | D:13     | Noticed Urug
 15961 | D:13     | Found a gate to the Vaults.
 15970 | D:13     | Killed Urug
 16438 | D:14     | Reached **** piety under Vehumet
 16439 | D:14     | Offered knowledge of Frozen Ramparts by Vehumet.
 16445 | D:14     | Reached XP level 13. HP: 61/76 MP: 4/25
 16932 | D:14     | Reached skill level 5 in Fire Magic
 17232 | D:14     | Noticed Jorgrun
 17244 | D:14     | Killed Jorgrun
 18201 | Lair:1   | Entered Level 1 of the Lair of Beasts
 19243 | Lair:2   | Reached skill level 10 in Conjurations
 19291 | Lair:2   | Found a gate leading to a gauntlet.
 19300 | Gauntlet | Entered a Gauntlet
 19300 | Gauntlet | Found a transporter.
 19316 | Gauntlet | Found a transporter.
 19333 | Gauntlet | Found a transporter.
 19334 | Gauntlet | Found a transporter.
 19344 | Gauntlet | Found the +3 hat of Pondering {ponderous, MR+ MP+10 Int+5}
 19351 | Gauntlet | Found a transporter.
 19364 | Gauntlet | Found a transporter.
 19369 | Gauntlet | Found a transporter.
 19373 | Gauntlet | Found a transporter.
 19409 | Gauntlet | Found a transporter.
 19409 | Gauntlet | Found a transporter.
 19409 | Gauntlet | Found a transporter.
 19417 | Gauntlet | Found a transporter.
 19427 | Gauntlet | Noticed a great orb of eyes
 19533 | Gauntlet | Got a pair of ancient boots
 19765 | Gauntlet | Identified the +0 pair of boots of Weirdness {*Slow rElec
                  | MR+++ Int-2} (You found it in a Gauntlet)
 19793 | Gauntlet | Got a slimy hat
 19804 | Gauntlet | Identified the cursed +0 hat of Xoghes {rCorr Stlth+} (You
                  | found it in a Gauntlet)
 19810 | Gauntlet | Identified the +7 broad axe of Rodeik {speed, +Inv rPois
                  | rF+}
 19810 | Gauntlet | Identified the ring "Nosm" {rF+ Stlth-}
 19810 | Gauntlet | Noticed a minotaur
 19824 | Gauntlet | Killed a minotaur
 19894 | Gauntlet | Identified Noleopas's Catalogue of Cankerous Conjuration
 19923 | Gauntlet | Got warped acid dragon scales
 19933 | Gauntlet | Learned a level 5 spell: Irradiate
 19981 | Lair:2   | Reached ***** piety under Vehumet
 20107 | Lair:2   | Gained mutation: Your large and strong wings let you fly
                  | indefinitely. [Gargoyle growth]
 20107 | Lair:2   | Reached XP level 14. HP: 36/84 MP: 27/27
 20424 | Lair:2   | Offered knowledge of Starburst by Vehumet.
 20443 | Lair:2   | Learned a level 6 spell: Starburst
 21150 | Lair:2   | Identified the cursed +1 acid dragon scales of the Nexus
                  | {rCorr Int+3} (You found it in a Gauntlet)
 21186 | Lair:2   | Got a pair of dazzling gloves
 21197 | Lair:2   | Identified the +1 pair of gloves of Uzxag {rC- MP+9 Int+3}
                  | (You found it on level 2 of the Lair of Beasts)
 22844 | Lair:4   | Found a staircase to the Swamp.
 22848 | Lair:4   | Found a hole to the Spider Nest.
 24634 | Lair:6   | Entered Level 6 of the Lair of Beasts
 25185 | Lair:6   | Found a viscous altar of Jiyva.
 25185 | Lair:6   | Found a staircase to the Slime Pits.
 25304 | Lair:6   | Found a blossoming altar of Fedhas.
 25436 | Lair:6   | Reached XP level 15. HP: 71/91 MP: 28/28
 25958 | Lair:6   | Offered knowledge of Iron Shot by Vehumet.
 26028 | Lair:6   | Got an iridescent quarterstaff
 26029 | Lair:6   | Identified the +9 quarterstaff "Ugoarimimo" {pain, +Inv
                  | rElec rPois Dex+5} (You found it on level 6 of the Lair of
                  | Beasts)
 26520 | Orc:1    | Entered Level 1 of the Orcish Mines
 26688 | Orc:1    | Found Ipaosut's Antique Weapon Shoppe.
 28072 | Orc:2    | Entered Level 2 of the Orcish Mines
 28077 | Orc:2    | Reached skill level 10 in Spellcasting
 28143 | Orc:2    | Learned a level 6 spell: Iron Shot
 28243 | Orc:2    | Found a roughly hewn altar of Beogh.
 28273 | Orc:2    | Noticed Snorg
 28278 | Orc:2    | Killed Snorg
 28278 | Orc:2    | Reached skill level 10 in Fighting
 28440 | Orc:2    | Found a staircase to the Elven Halls.
 28446 | Orc:2    | Noticed Sonja
 28450 | Orc:2    | Killed Sonja
 28796 | Orc:2    | Reached skill level 10 in Fire Magic
 28915 | Orc:2    | Found Ampydot's Antique Armour Emporium.
 28915 | Orc:2    | Found Miutali's Antique Weapon Shop.
 28966 | Orc:2    | Found Ynorasob's Magic Scroll Emporium.
 28966 | Orc:2    | Found Siowu's Food Shop.
 28977 | Orc:2    | Bought a scroll of identify for 30 gold pieces
 28991 | Orc:2    | Bought a pair of glowing boots for 240 gold pieces
 28991 | Orc:2    | Bought a fabulously ornate robe for 182 gold pieces
 28992 | Orc:2    | Identified the cursed +1 robe of Eruymm {MR+ Int+8 Dex-5
                  | SInv} (You bought it in a shop on level 2 of the Orcish
                  | Mines)
 29280 | Orc:2    | Bought a scroll of fear for 52 gold pieces
 29280 | Orc:2    | Bought a scroll of teleportation for 45 gold pieces
 29280 | Orc:2    | Bought 3 scrolls of teleportation for 135 gold pieces
 29492 | D:15     | Entered Level 15 of the Dungeon
 29550 | D:15     | Noticed Kirke
 29564 | D:15     | Noticed a sphinx
 29571 | D:15     | Killed Kirke
 30257 | D:15     | Identified Roxanne's Almanac of Earth
 30257 | D:15     | Noticed Roxanne
 30429 | D:15     | Killed Roxanne
 30727 | D:15     | Noticed Agnes
 30732 | D:15     | Killed Agnes
 30814 | D:15     | Found a sacrificial altar of Ru.
 31110 | D:15     | Noticed an emperor scorpion
 31130 | D:15     | Killed an emperor scorpion
 31137 | D:15     | Reached XP level 16. HP: 11/98 MP: 10/30
 31728 | D:15     | Found a staircase to the Depths.
 32000 | Spider:1 | Entered Level 1 of the Spider Nest
 32486 | Spider:1 | Offered knowledge of Orb of Destruction by Vehumet.
 32491 | Spider:1 | Reached ****** piety under Vehumet
 32792 | Spider:1 | Noticed Donald
 32804 | Spider:1 | Killed Donald
 33362 | Spider:2 | Reached skill level 10 in Maces & Flails
 33433 | Spider:2 | Found a frozen archway.
 33443 | IceCv    | Entered an ice cave
 33970 | IceCv    | Offered knowledge of Ozocubu's Refrigeration by Vehumet.
 34271 | IceCv    | Noticed an Ice Fiend
 34276 | IceCv    | Killed an Ice Fiend
 34975 | IceCv    | Identified the +1 hat "Plog" {rC+} (You found it in an ice
                  | cave)
 36103 | Spider:2 | Offered knowledge of Spellforged Servitor by Vehumet.
 36433 | Spider:3 | Noticed Mara
 36440 | Spider:3 | Killed Mara
 36440 | Spider:3 | Reached XP level 17. HP: 88/104 MP: 28/32
 37571 | Spider:3 | Noticed Aizul
 37574 | Spider:3 | Noticed Arachne
 37583 | Spider:3 | Killed Aizul
 37584 | Spider:3 | Killed Arachne
 38424 | Swamp:1  | Entered Level 1 of the Swamp
 39179 | Swamp:1  | Offered knowledge of Lightning Bolt by Vehumet.
 39605 | Swamp:1  | Identified a scroll of acquirement
 39608 | Swamp:1  | Got the ring "Rienk" {*Contam +Blink rC+ Str+6 Int+3}
 39859 | Swamp:2  | Got a scorched morningstar
 39860 | Swamp:2  | Identified the +9 morningstar of Capital Punishment
                  | {freeze, +Rage rPois Str-3 Int+3} (You found it on level 2
                  | of the Swamp)
 39948 | Swamp:2  | Found a transporter.
 39967 | Swamp:2  | Noticed Syrreyqi's ghost (journeyman HOFi)
 40264 | Swamp:2  | Found a transporter.
 40661 | Swamp:2  | You are sucked into a shaft and drop 1 floor!
 40747 | Swamp:3  | Reached XP level 18. HP: 6/112 MP: 10/33
 42597 | Swamp:2  | Offered knowledge of Ignition by Vehumet.
 42606 | Swamp:2  | Killed Syrreyqi's ghost
 42730 | Swamp:2  | Learned a level 8 spell: Ignition
 42853 | Swamp:4  | Entered Level 4 of the Swamp
 43302 | Swamp:4  | Reached skill level 15 in Earth Magic
 43413 | Swamp:4  | Got a decaying rune of Zot
 43922 | Swamp:4  | Reached skill level 10 in Dodging
 44452 | Spider:4 | Entered Level 4 of the Spider Nest
 44952 | Spider:4 | Noticed Asterion
 44964 | Spider:4 | Killed Asterion
 45422 | Spider:4 | Reached XP level 19. HP: 61/118 MP: 18/35
 46000 | Spider:4 | Offered knowledge of Tornado by Vehumet.
 46823 | Spider:4 | Got a gossamer rune of Zot
 47148 | Elf:1    | Entered Level 1 of the Elven Halls
 47646 | Elf:1    | Found Nush's Armour Shop.
 47646 | Elf:1    | Found Fuiniu's Book Boutique.
 48778 | Elf:2    | Reached skill level 15 in Fire Magic
 48982 | Elf:2    | Reached XP level 20. HP: 124/124 MP: 16/36
 49225 | Elf:2    | Found a runed translucent gate.
 49225 | Elf:2    | Found a runed translucent gate.
 49237 | Elf:2    | Found a runed translucent gate.
 49658 | Elf:3    | Entered Level 3 of the Elven Halls
 50892 | Elf:3    | Noticed Saint Roka
 50898 | Elf:3    | Killed Saint Roka
 50914 | Elf:3    | Identified the cursed +0 battleaxe of Zych {vorpal, rPois
                  | Int-3 Dex+3}
 50914 | Elf:3    | Identified the +2 robe of Kaur {Harm Dex+3}
 51511 | Elf:3    | Identified the +1 robe of Privacy {+Fly rC- Dex+7}
 51511 | Elf:3    | Identified the ring of Saeziuno {rC- AC+4 SInv Stlth+}
 51541 | Elf:3    | Got the amulet of Hytof {rF+ Regen+}
 51582 | Elf:3    | Identified the +10 morningstar of Peace {speed, MR+ Int+4
                  | Stlth+}
 51584 | Elf:3    | Reached XP level 21. HP: 128/132 MP: 24/38
 51889 | Elf:3    | Identified the Almanac of Doomed Translocation
 51894 | Elf:3    | Identified the Disquisition on Snow
 51903 | Elf:3    | Identified the Reference Book on the Dislocated Escort
 52705 | Vaults:1 | Entered Level 1 of the Vaults
 54122 | Vaults:1 | You are sucked into a shaft and drop 1 floor!
 54291 | Vaults:2 | Found a portal to a secret trove of treasure.
 54318 | Vaults:2 | Found a runed translucent gate.
 54318 | Vaults:2 | Found a runed translucent gate.
 54318 | Vaults:2 | Found a runed translucent gate.
 54318 | Vaults:2 | Noticed Ynisk's ghost (adept HaHu)
 54329 | Vaults:2 | Reached skill level 15 in Conjurations
 54355 | Vaults:2 | Killed Ynisk's ghost
 54367 | Vaults:2 | Got a pair of bloodstained gloves
 54369 | Vaults:2 | Got a smoking helmet
 54380 | Vaults:2 | Identified the +0 helmet "Vothum" {rPois} (You found it on
                  | level 2 of the Vaults)
 54401 | Vaults:2 | Identified the +0 pair of gloves "Ulietoef" {Str+3 Int+7
                  | Dex-3} (You found it on level 2 of the Vaults)
 54652 | Vaults:2 | Found Ejusm's Antique Armour Shoppe.
 54729 | Vaults:2 | Bought a brightly glowing robe for 239 gold pieces
 54729 | Vaults:2 | Identified the +2 robe of Anarchy {*Drain rN++ Int+5} (You
                  | bought it in a shop on level 2 of the Vaults)
 54970 | Vaults:2 | Learned a level 9 spell: Shatter
 55224 | Vaults:2 | Reached skill level 15 in Fighting
 55540 | Vaults:2 | Noticed Margery
 55568 | Vaults:2 | Killed Margery
 56105 | Vaults:2 | Reached XP level 22. HP: 140/140 MP: 34/39
 58713 | Vaults:3 | Found a staircase to the Crypt.
 58976 | Vaults:3 | Found Bijief's Antique Weapon Shoppe.
 58987 | Vaults:3 | Paralysed by a floating eye for 4 turns
 59188 | Vaults:3 | Found Jaugeny's Armour Boutique.
 59317 | Vaults:3 | Found Ysuefeot's Antique Weapon Shop.
 61551 | Vaults:4 | Identified the +6 quarterstaff of the Curious Runes
                  | {protect, rF+} (You found it on level 4 of the Vaults)
 61627 | Vaults:4 | Reached XP level 23. HP: 109/148 MP: 41/41
 62011 | Vaults:4 | Found Yxaid's General Store.
 62024 | Vaults:4 | Bought a potion of curing for 51 gold pieces
 62024 | Vaults:4 | Bought 3 potions of cancellation for 408 gold pieces
 62470 | Vaults:5 | Entered Level 5 of the Vaults
 62576 | Crypt:1  | Entered Level 1 of the Crypt
 64483 | Crypt:2  | Found a runed translucent gate.
 64483 | Crypt:2  | Found a runed translucent gate.
 64483 | Crypt:2  | Found a runed translucent gate.
 64483 | Crypt:2  | Noticed Onnun's ghost (veteran GrFi)
 64519 | Crypt:2  | Killed from afar by Onnun's ghost

Illustrated notes

Levels and vault maps discovered:
D:1:      onia_arrival_zoo_common, layout_basic
D:2:      layout_basic, overflow_temple_1_default, first_ration,
          cheibriados_altar_1
D:3:      layout_basic, overflow_temple_1_default,
          chequers_ecumenical_altar_island, minmay_misc_feat_cross,
          uniq_jessica, uniq_crazy_yiuf_cottage, uniq_ijyb
D:4:      layout_rooms, gup_sewer_entry_pipe
D:5:      lemuel_ice_spiral_2, layout_basic, uniq_eustachio
D:6:      corexii_shack_village, layout_layer_cave,
          hangedman_abyss_or_decor_passed, nicolae_tso_besieged_by_evil,
          uniq_duvessa
D:7:      layout_basic, kennysheep_mini, lemuel_temple_firewalk_b
D:8:      layout_gridville, nicolae_overflow_hidden_temple,
          gammafunk_ghost_hive, okawaru_humans
D:9:      layout_basic, grunt_ministairs_7, minmay_increasing_density
D:10:     layout_stronghold, uniq_fannar
D:11:     layout_basic, grunt_lair_entry_orc_guard_hut, grunt_ogre_cave
D:12:     minmay_clustersquares, layout_gridville, orc_0_dummy
D:13:     layout_big_octagon, erik_vaults_1, minmay_checkerbox, uniq_urug,
          uniq_azrael
D:14:     minmay_blocky_corners, layout_loops_corners, minivault_23,
          uniq_jorgrun
D:15:     hangedman_depths_entry_try_elsewhere_first, layout_loops_corners,
          nicolae_ru_sacrificial_ziggurat, uniq_agnes, uniq_roxanne, uniq_kirke
Temple:   nicolae_temple_elliptical
Lair:1:   layout_gridlike, serial_bayou_shore_a
Lair:2:   layout_cave_pods, gauntlet_entry_generic, grunt_megastairs_2
Lair:3:   layout_hall_layers, serial_bayou, serial_bayou_pond_d,
          serial_bayou_pond_b, serial_bayou_pond_d, serial_bayou_pond_d,
          nicolae_quartered_pool_little, serial_bayou_shore_b
Lair:4:   layout_cave_pods, skrybe_swamp_entry_bodies, spider_nest_entry_a,
          lemuel_fruit_fields, infiniplex_staircase_pool
Lair:5:   layout_gridlike
Lair:6:   gammafunk_lair_ancient_temple, layout_loops_ring, slime_altar_1,
          tgw_fedhas
Swamp:1:  layout_basic_swamp, evilmike_swamp_ruin_house_1
Swamp:2:  layout_basic_swamp, gammafunk_ghost_mausoleum, hangedman_swamp_lotus,
          swamp_pool2
Swamp:3:  nicolae_swamp_phyte_club, layout_falls_marsh,
          hangedman_swamp_ruin_wall
Swamp:4:  swamp_basic_johnstein, layout_basic_swamp
Spider:1: layout_spider_delve, uniq_donald
Spider:2: layout_spider_delve, portal_ice_cave_entry_pillars_three
Spider:3: layout_spider_delve, uniq_arachne, uniq_aizul, uniq_mara
Spider:4: spider_rune_water, nicolae_spider_webs_and_nodes, nicolae_orb_island,
          uniq_asterion
Orc:1:    minmay_goldmine, layout_caves, serial_shops,
          nicolae_shop_temple_entry_statues_fountains
Orc:2:    grunt_orc_tribal_feast, layout_diamond_mine, basic_altar,
          nicolae_orc_crystal_geode, uniq_snorg, uniq_sonja
Elf:1:    elf_arrival_001, layout_loops_ring, evilmike_minifort,
          minmay_shoptagon
Elf:2:    layout_geoelf_grid
Elf:3:    minmay_elf_hall_curves, layout_geoelf_diagonals, uniq_saint_roka
Vaults:1: hangedman_vaults_snaps, nicolae_vaults_mini_display_case,
          vaults_room_stairs_pillars, nicolae_vaults_yaktaur_gun_rack,
          dpeg_vaults_monster_row, nicolae_vaults_quartermaster,
          vaults_mumra_hexcomb, vaults_standard_mumra_lines,
          ontoclasm_vaults_ring_large, layout_vaults_chaotic_city
Vaults:2: gammafunk_vaults_ghost_tricky_traps, v_misc_18,
          hangedman_vaults_nails, nicolae_vaults_circle_grid_b, v_misc_22,
          nicolae_vaults_network_quinsquares
          [nicolae_vaults_network_quincunx_subvault,
          nicolae_vaults_network_quincunx_subvault,
          nicolae_vaults_network_quincunx_subvault,
          nicolae_vaults_network_quincunx_subvault], v_misc_28,
          ontoclasm_vaults_bender, hangedman_vaults_trim, vaults_room_pools,
          hangedman_vaults_capsules, vaults_dpeg_spiral, layout_vaults_ring,
          serial_shops, nicolae_shop_statue_plus, enter_trove_5, uniq_margery
Vaults:3: v_misc_19, hangedman_vaults_corner_blocks,
          minmay_crypt_entry_simple_walls, nicolae_vaults_stairing_the_circle,
          grunt_vaults_hallway_long, st_lattice,
          ontoclasm_vaults_decontamination, serial_ice_g,
          layout_vaults_omnigrid, serial_shops,
          nicolae_shop_competitors_out_of_business, nicolae_shop_waterfront,
          shop
Vaults:4: ontoclasm_vaults_hangar, grunt_vaults_swirl,
          nicolae_vaults_statue_guard, vaults_standard_mumra_enter_the_diamond,
          grunt_vaults_focal, nicolae_vaults_sealed_display,
          nicolae_vaults_circle_grid_b, nicolae_vaults_little_squares_1,
          hangedman_vaults_stream, ontoclasm_vaults_chip,
          ontoclasm_vaults_ring_large, vaults_room_fancy_cross,
          vaults_room_grid, layout_vaults_omnibox, serial_shops, shop
Vaults:5: serial_shops
Crypt:1:  layout_misc_corridors, minmay_misc_feat_rows
Crypt:2:  cheibrodos_crypt_3hun_7po, layout_gridlike, gammafunk_ghost_necromancy

Skill      XL: |  1  2  3  4  5  6  7  8  9 10 11 12 13 14 15 16 17 18 19 20 21 22 23 |
---------------+----------------------------------------------------------------------+-----
Earth Magic    | 4 5 6 7 8 9 10 11 12 13 14 15 16 17 18 | 18.0
Conjurations   | 1 2 3 4 5 6 7 8 9 10 11 12 13 14 15 16 | 16.3
Spellcasting   | 3 4 5 6 7 8 9 10 11 12 13 14 | 14.3
Fighting       | 2 3 5 6 7 8 9 10 11 12 13 14 15 16 17 | 17.2
Maces & Flails | 1 3 4 5 6 7 8 9 10 11 12 13 14 | 14.5
Armour         | 2 3 5 6 7 8 |  8.0
Dodging        | 2 3 4 5 6 7 8 9 10 11 12 | 12.6
Evocations     | 1 3 4 5 6 |  6.0
Fire Magic     | 4 7 9 10 12 13 14 15 16 17 18 | 18.4
Stealth        | |  2.1
Transmutations | |  0.7

Action                   |  1- 3 |  4- 6 |  7- 9 | 10-12 | 13-15 | 16-18 | 19-21 | 22-24 || total
-------------------------+-------+-------+-------+-------+-------+-------+-------+-------++-------
Melee: Whip              |    75 |   325 |    97 |       |       |       |       |       ||   497
       Unarmed           |     1 |       |       |       |       |       |       |       ||     1
       Flail             |       |       |    13 |       |       |       |       |       ||    13
       Falchion          |       |       |   282 |   250 |   223 |       |       |       ||   755
       Great mace        |       |       |       |       |   169 |       |       |       ||   169
       Quarterstaff      |       |       |       |       |   179 |   424 |   143 |       ||   746
       Morningstar       |       |       |       |       |       |    79 |   169 |   450 ||   698
Throw: Throwing net      |       |       |       |       |       |     2 |       |       ||     2
 Cast: Sandblast         |    12 |    60 |    36 |   119 |   262 |   179 |    36 |    20 ||   724
       Stone Arrow       |       |    16 |    83 |    69 |    48 |    10 |     1 |     3 ||   230
       Lee's Rapid Decon |       |       |     6 |    45 |    88 |    70 |   100 |    15 ||   324
       Fireball          |       |       |       |     2 |    25 |   100 |    33 |       ||   160
       Irradiate         |       |       |       |       |     4 |    20 |       |       ||    24
       Starburst         |       |       |       |       |    29 |    47 |     2 |       ||    78
       Iron Shot         |       |       |       |       |    53 |   160 |   149 |    67 ||   429
       Ignition          |       |       |       |       |       |    10 |    63 |    50 ||   123
       Shatter           |       |       |       |       |       |       |       |     5 ||     5
 Abil: Evoke Invisibilit |       |       |       |       |       |     6 |     1 |       ||     7
Evoke: Wand              |       |       |     3 |    16 |    11 |     5 |     2 |     1 ||    38
       Box of beasts     |       |       |       |       |       |       |       |     1 ||     1
  Use: Scroll            |       |     9 |    13 |     9 |     9 |    11 |    15 |     4 ||    70
       Potion            |       |     1 |       |     1 |    10 |     4 |     6 |     5 ||    27
 Stab: Sleeping          |     2 |     3 |     7 |     5 |     6 |       |     2 |     2 ||    27
       Invisible         |       |       |       |       |     1 |     5 |     2 |       ||     8
       Distracted        |       |       |       |       |     1 |     1 |       |     1 ||     3
       Confused          |       |       |       |       |       |     1 |       |       ||     1
  Eat: Chunk             |     1 |    12 |    22 |    23 |    62 |    32 |    34 |    21 ||   207
       Ration            |       |       |     1 |     4 |     7 |    23 |    10 |     7 ||    52
Armor: Robe              |    37 |   174 |   196 |   102 |       |       |       |       ||   509
       Leather armour    |       |       |       |   116 |   502 |   682 |   244 |   155 ||  1699
Dodge: Dodged            |    71 |   281 |   328 |   277 |   774 |  1080 |   363 |   207 ||  3381
       Rpst.: Falchion   |       |       |    79 |    85 |    78 |       |       |       ||   242

Table legend:
 A = Non-vault XP
 B = Vault XP
 C = Vault XP percentage of total XP
 D = Non-vault monster count
 E = Vault monster count
 F = Vault count percentage of total count
                 A         B        C        D         E       F
            +---------+---------+-------+---------+---------+-------
      Total |  464414 |  343502 |  42.5 |    1312 |     609 |  31.7
            +---------+---------+-------+---------+---------+-------
        D:1 |      47 |       0 |   0.0 |      22 |       0 |   0.0
        D:2 |      61 |       0 |   0.0 |      19 |       0 |   0.0
        D:3 |     122 |     113 |  48.1 |      28 |       3 |   9.7
        D:4 |     601 |      20 |   3.2 |      43 |       8 |  15.7
        D:5 |     415 |     217 |  34.3 |      14 |       1 |   6.7
        D:6 |     617 |     272 |  30.6 |      19 |      25 |  56.8
        D:7 |    1116 |       0 |   0.0 |      29 |       0 |   0.0
        D:8 |     518 |     403 |  43.8 |      19 |       2 |   9.5
        D:9 |    2476 |     492 |  16.6 |      28 |      13 |  31.7
       D:10 |    1168 |    1017 |  46.5 |      14 |       1 |   6.7
       D:11 |    2472 |     601 |  19.6 |      25 |       5 |  16.7
       D:12 |    3901 |    3865 |  49.8 |      10 |      13 |  56.5
       D:13 |    3072 |    5284 |  63.2 |      16 |      12 |  42.9
       D:14 |   11889 |    4634 |  28.0 |      41 |       6 |  12.8
       D:15 |   11600 |   11333 |  49.4 |      38 |      11 |  22.4
     Lair:1 |    5354 |       0 |   0.0 |      21 |       0 |   0.0
     Lair:2 |    8018 |     143 |   1.8 |      16 |       1 |   5.9
     Lair:3 |    3755 |     298 |   7.4 |      15 |       2 |  11.8
     Lair:4 |    6680 |     993 |  12.9 |      23 |       4 |  14.8
     Lair:5 |    5039 |       0 |   0.0 |      17 |       0 |   0.0
     Lair:6 |    6095 |    8760 |  59.0 |      28 |      24 |  46.2
    Swamp:1 |   18014 |       0 |   0.0 |      47 |       0 |   0.0
    Swamp:2 |    8123 |    6114 |  42.9 |      18 |      13 |  41.9
    Swamp:3 |   13355 |    8095 |  37.7 |      30 |       7 |  18.9
    Swamp:4 |   12892 |   21907 |  63.0 |      29 |      27 |  48.2
   Spider:1 |   16768 |    2095 |  11.1 |      49 |       1 |   2.0
   Spider:2 |   19387 |       0 |   0.0 |      49 |       0 |   0.0
   Spider:3 |   19254 |   13587 |  41.4 |      48 |       3 |   5.9
   Spider:4 |   20090 |   29199 |  59.2 |      52 |      48 |  48.0
      Orc:1 |    4075 |     223 |   5.2 |      41 |      11 |  21.2
      Orc:2 |    3661 |    8995 |  71.1 |      43 |      31 |  41.9
      Elf:1 |   28333 |   11897 |  29.6 |      44 |      19 |  30.2
      Elf:2 |   21226 |    3177 |  13.0 |      32 |       5 |  13.5
      Elf:3 |   33980 |   47660 |  58.4 |      53 |      38 |  41.8
   Vaults:1 |   28795 |   30048 |  51.1 |      63 |      42 |  40.0
   Vaults:2 |   32395 |   39827 |  55.1 |      49 |      48 |  49.5
   Vaults:3 |   22920 |   15582 |  40.5 |      50 |      18 |  26.5
   Vaults:4 |   40405 |   20813 |  34.0 |      55 |      23 |  29.5
   Vaults:5 |       3 |   26647 | 100.0 |       1 |      26 |  96.3
    Crypt:1 |   28470 |       0 |   0.0 |      47 |       0 |   0.0
    Crypt:2 |   17252 |    6581 |  27.6 |      27 |      13 |  32.5
      Sewer |       0 |     271 | 100.0 |       0 |      48 | 100.0
      IceCv |       0 |    9292 | 100.0 |       0 |      53 | 100.0
   Gauntlet |       0 |    3047 | 100.0 |       0 |       4 | 100.0
            +---------+---------+-------+---------+---------+-------
